 Dungeon Crawl Stone Soup version 0.19.0-2-gae57169 (webtiles) character file.

105576 TRSpass the Warrior (level 15, -5/141 HPs)
             Began as a Minotaur Berserker on Nov 4, 2016.
             Was a High Priest of Trog.
             Slain by a five-headed hydra (8 damage)
             ... on level 4 of the Swamp on Nov 6, 2016.
             The game lasted 03:41:25 (19473 turns).

TRSpass the Warrior (Minotaur Berserker)           Turns: 19473, Time: 03:41:25

Health: -5/141     AC: 35    Str: 24    XL:     15   Next: 95%
Magic:  14/14      EV: 13    Int:  5    God:    Trog [*****.]
Gold:   696        SH:  0    Dex: 18    Spells: 0 memorised, 14 levels left

rFire  . . .     SeeInvis +     O - +4 dire flail (protect)
rCold  + . .     Gourm    +     o - +8 chain mail of Pandemonium {+Inv rF- MR++ SInv}
rNeg   + . .     Faith    .     (shield currently unavailable)
rPois  +         Spirit   .     (helmet restricted)
rElec  .         Reflect  .     n - +1 cloak
rCorr  .         Harm     .     j - +0 pair of gloves
MR     +++..                    y - +1 pair of boots {Fly}
Stlth  ..........               A - amulet "Xad Vuoc" {Gourm rF+ rN+ Dex+3}
                                E - +5 ring of protection
                                s - +2 ring of evasion

@: exhausted, grasped by roots, very slightly contaminated, hasted and slowed,
studying Bows, very slow
A: retaliatory headbutt, horns 2, icy blue scales 1, blurry vision 1, cold
resistance 1, poison resistance, strong 1
a: Berserk, Trog's Hand, Brothers in Arms, Burn Spellbooks, Renounce Religion,
Evoke Invisibility, Evoke Flight


You were on level 4 of the Swamp.
You worshipped Trog.
Trog was extremely pleased with you.
You were full.

You visited 5 branches of the dungeon, and saw 25 of its levels.
You visited the Abyss 1 time.
You also visited: Ice Cave.

You collected 2377 gold pieces.
You spent 1681 gold pieces at shops.

Inventory:

Hand Weapons
 b - a +2 longbow of flaming
 h - a +2 hand axe of freezing
 p - a +4 halberd of protection
 q - a +3 trident of venom
 z - a +1 longbow of freezing
 B - a +3 antimagic spear
 D - a +1 flail of holy wrath
 I - a +4 shortbow of freezing
 O - a +4 dire flail of protection (weapon)
 Q - the +1 war axe of the Harvest {holy, MR+}
   (You found it on level 2 of the Swamp)

   It has been blessed by the Shining One to cause great damage to the undead
   and demons.
   It affects your resistance to hostile enchantments.
 W - a +0 glaive of chopping
Missiles
 H - 358 arrows
Armour
 j - a +0 pair of gloves (worn)
 n - a +1 cloak (worn)
 o - the +8 chain mail of Pandemonium (worn) {+Inv rF- MR++ SInv}
   (You bought it in a shop on level 2 of the Orcish Mines)

   It makes you vulnerable to fire.
   It affects your resistance to hostile enchantments.
   It lets you see invisible.
   It lets you turn invisible.
 v - the +1 chain mail "Targhigokh" {+Inv rN+ MR+}
   (You bought it in a shop on level 2 of the Orcish Mines)

   It protects you from negative energy.
   It affects your resistance to hostile enchantments.
   It lets you turn invisible.
 w - a +3 scale mail
 y - a +1 pair of boots of flying (worn)
 G - +0 swamp dragon scales
 T - the +5 ring mail of Ryddo {+Blink MR+}
   (You found it on level 12 of the Dungeon)

   It affects your resistance to hostile enchantments.
   It lets you blink.
Jewellery
 r - an uncursed amulet of regeneration
 s - a +2 ring of evasion (left hand)
 A - the amulet "Xad Vuoc" (around neck) {Gourm rF+ rN+ Dex+3}
   (You acquired it on level 1 of the Swamp)

   [amulet of the gourmand]

   It allows you to eat raw meat even when not hungry.
   It affects your dexterity (+3).
   It protects you from fire.
   It protects you from negative energy.
 E - a +5 ring of protection (right hand)
 Y - an uncursed amulet of regeneration
Wands
 d - a wand of paralysis (12/24)
 m - a wand of flame (34/48)
 C - a wand of lightning (7/15)
 M - a wand of paralysis (19/24)
 R - a wand of enslavement (15/24)
 U - a wand of acid (6/15)
 V - a wand of polymorph (11/24)
 Z - a wand of teleportation (4/9)
Scrolls
 f - 11 scrolls of identify
 i - 3 scrolls of blinking
 k - 3 scrolls of magic mapping
 l - 8 scrolls of remove curse
 F - a scroll of enchant armour
 K - 2 scrolls of random uselessness
 X - a scroll of holy word
Potions
 g - 6 potions of curing
 t - a potion of agility
 J - a potion of brilliance
 N - a potion of ambrosia {unknown}
 P - a potion of invisibility
 S - a potion of flight {unknown}
Books
 u - a manual of Bows
 x - a book of Maledictions

   Spells                             Type                      Level
   a - Corona                         Hexes                        1
   b - Ensorcelled Hibernation        Hexes/Ice                    2
   c - Confuse                        Hexes                        3
   d - Tukima's Dance                 Hexes                        3
   e - Dazzling Spray                 Conjuration/Hexes            3
   Trog disapproves of the use of such an item.
Comestibles
 a - 4 bread rations
 c - 4 meat rations
 L - a beef jerky


   Skills:
 + Level 15.3 Fighting
 - Level 4.4(10.6) Axes
 + Level 8.5(9.0) Maces & Flails
 - Level 12.2(12.5) Polearms
 + Level 12.8 Bows
 + Level 14.9 Armour
 + Level 14.0 Dodging
   Level 3.0 Shields


You had 14 spell levels left.
You didn't know any spells.

Dungeon Overview and Level Annotations

Branches:
Dungeon (12/15)            Temple (1/1) D:4            Lair (6/6) D:9
  Swamp (4/4) Lair:2       Spider (0/4) Lair:4        Slime (0/5) Lair:5
    Orc (2/2) D:12            Elf (0/3) Orc:2

Altars:
Ashenzari
Cheibriados
Dithmenos
Elyvilon
Fedhas
Gozag
Hepliaklqana
Kikubaaqudgha
Makhleb
Nemelex Xobeh
Okawaru
Qazlal
Ru
Sif Muna
Trog
Uskayaw
Vehumet
Xom
Yredelemnul
Zin
The Shining One
Beogh

Shops:
D:4 !   D:6 *   D:8 (   D:9 !   Orc:2 [((*?


Innate Abilities, Weirdness & Mutations

You reflexively headbutt those who attack you in melee.
You have a pair of horns on your head.
You are partially covered in icy blue scales. (AC +2)
Scrolls take you a little longer to read.
Your flesh is cold resistant. (rC+)
Your system is resistant to poisons. (rPois)
Your muscles are strong. (Str +2)


Message History

The four-headed hydra bites you but does no damage. x2
The four-headed hydra misses you. The four-headed hydra bites you.
* * * LOW HITPOINT WARNING * * *
The five-headed hydra bites you but does no damage. x2
The five-headed hydra bites you.
* * * LOW HITPOINT WARNING * * *
The five-headed hydra closely misses you.
The five-headed hydra bites you but does no damage.
The shambling mangrove hits you but does no damage.
Your deep troll goes berserk!
You feel quite a bit less full.
The four-headed hydra bites you but does no damage.
The four-headed hydra misses you. The four-headed hydra bites you.
* * * LOW HITPOINT WARNING * * *
The four-headed hydra bites you but does no damage.
The five-headed hydra bites you!
* * * LOW HITPOINT WARNING * * *
The five-headed hydra barely misses you.
The five-headed hydra bites you!
You die...

§≈≈≈.♣♣ ≈≈≈§<≈♣
≈.♣♣§♣♣ #####
♣♣♣♣♣♣
#♣§≈≈###≈. .♣♣
#≈.f≈§≈... ..♣♣
#.≈#§≈.≈≈n ≈..♣
#♣n#####D≈.
≈≈≈♣♣♣
#♣≈nfD≈## ≈
...≈. ≈≈.♣≈♣
♣.≈DD@≈T##
♣..≈≈≈ ..≈..♣
#≈..D###.≈##
..≈.≈. .≈≈.≈♣
#..### ##≈.##
♣♣≈..≈.. .≈≈♣♣♣
#≈.#
##.≈###♣..≈≈≈..
≈..♣♣♣♣ #...
#♣≈≈.≈........
♣..≈.≈♣ #≈.≈
#...≈≈....≈.≈.
♣♣...♣♣ #.D.
#♣≈≈.≈..≈.≈≈≈.
♣♣♣♣♣ #≈D♣#
#.≈###♣..≈≈..§
#≈≈## ♣.≈..≈.≈


You could see a shambling mangrove, a seven-headed hydra, 2 five-headed hydras,
a four-headed hydra, 2 bog bodies and a friendly deep troll (berserk).

Vanquished Creatures
  A lich (Abyss:2)
  2 thorn hunters
  2 orc warlords (Orc:2)
  Snorg (Lair:4)
  Harold (Orc:1)
  10 hydras
  Erica (D:10)
  4 alligators
  Urug (Lair:5)
  7 death yaks
  2 orc high priests (Orc:2)
  2 thrashing horrors (Abyss:2)
  Sonja (D:11)
  3 skeletal warriors (D:10)
  3 hill giants
  7 swamp dragons
  A shambling mangrove (Swamp:2)
  5 orc knights
  5 ugly things
  2 orc sorcerers (Orc:2)
  A cyclops (D:11)
  8 elephants
  A black mamba (Lair:2)
  Joseph (D:7)
  13 spiny frogs
  2 torpor snails
  2 komodo dragons (Lair:3)
  3 meliai (Lair:4)
  A jumping spider (Lair:4)
  A polar bear (Lair:4)
  A queen bee (Lair:4)
  3 trolls (Orc:2)
  Prince Ribbit (D:5)
  4 hornets
  11 hippogriffs
  9 tyrant leeches
  16 blink frogs
  4 bog bodies
  11 slime creatures
  Sigmund (D:4)
  2 redbacks (Lair:4)
  A shadow (Swamp:1)
  2 basilisks (Lair:3)
  37 yaks
  2 wyverns
  4 vampire mosquitoes (Swamp:1)
  Menkaure (D:5)
  19 swamp worms
  2 small abominations
  6 insubstantial wisps (Swamp:3)
  3 water moccasins
  9 porcupines
  2 hell hounds (D:9)
  The ghost of Gingerlord the Sneak, an amateur SpEn (D:4)
  A black bear (D:9)
  32 orc warriors
  3 sky beasts
  11 swamp drakes
  2 ice beasts (D:11)
  A phantom (D:11)
  5 wolves (Lair:3)
  10 ogres
  8 centaurs
  7 crocodiles
  2 big kobolds
  A gnoll sergeant (D:9)
  A wyvern zombie (D:7)
  Blork the orc (D:5)
  14 bullfrogs
  7 scorpions
  4 wights (D:11)
  40 killer bees
  7 howler monkeys
  An electric eel (Lair:2)
  4 jellies
  4 crimson imps
  2 centaur zombies
  5 hounds
  15 orc priests
  15 orc wizards
  Crazy Yiuf (D:2)
  6 bullfrog skeletons
  A centaur skeleton (D:9)
  Jessica (D:2)
  Ijyb (D:2)
  5 iguanas
  10 worker ants
  A hound zombie (D:5)
  2 hound skeletons
  A howler monkey zombie (D:10)
  A worker ant zombie (D:10)
  2 howler monkey skeletons (D:11)
  9 gnolls
  12 adders
  4 shadow imps
  5 white imps (IceCv)
  3 oozes
  5 ufetubi (IceCv)
  An adder zombie (D:5)
  4 worms
  4 dart slugs
  3 leopard geckos
  85 orcs
  5 giant cockroaches
  7 goblins
  7 hobgoblins
  5 quokkas
  2 ball pythons
  7 bats
  3 frilled lizards
  17 kobolds
  A leopard gecko skeleton (D:4)
  7 rats
677 creatures vanquished.

Vanquished Creatures (others)
  A centaur skeleton (D:10)
  A hippogriff (D:10)
  2 blink frogs (Swamp:2)
  A white imp (IceCv)
  2 ufetubi (IceCv)
  An orc (Orc:1)
  2 fungi
  22 plants
32 creatures vanquished.

Grand Total: 709 creatures vanquished

Notes
Turn   | Place    | Note
-------+----------+-------------------------------------------
     0 | D:1      | TRSpass the Minotaur Berserker began the quest for the Orb.
     0 | D:1      | Reached XP level 1. HP: 19/19 MP: 0/0
    56 | D:1      | Reached XP level 2. HP: 27/27 MP: 1/1
   138 | D:1      | Reached skill level 4 in Fighting
   261 | D:1      | Reached XP level 3. HP: 31/33 MP: 2/2
   718 | D:2      | Found a runed door.
   722 | D:2      | Noticed Crazy Yiuf
   727 | D:2      | Killed Crazy Yiuf
   727 | D:2      | Reached XP level 4. HP: 41/41 MP: 3/3
   802 | D:2      | Reached ** piety under Trog
   826 | D:2      | Noticed Ijyb
   839 | D:2      | Killed Ijyb
   873 | D:2      | Found an iron altar of Okawaru.
   933 | D:2      | Noticed Jessica
   942 | D:2      | Killed Jessica
   942 | D:2      | Reached XP level 5. HP: 32/47 MP: 4/4
  1028 | D:2      | Found a stormy altar of Qazlal.
  1831 | D:3      | Reached skill level 5 in Maces & Flails
  1994 | D:4      | Reached skill level 5 in Fighting
  2016 | D:4      | Found Weavun's Distillery.
  2247 | D:4      | Found a staircase to the Ecumenical Temple.
  2259 | Temple   | Entered the Ecumenical Temple
  2611 | D:4      | Found a glowing golden altar of the Shining One.
  2810 | D:4      | Noticed Sigmund
  2817 | D:4      | Killed Sigmund
  2817 | D:4      | Reached skill level 1 in Polearms
  2817 | D:4      | Reached XP level 6. HP: 51/56 MP: 5/5
  2893 | D:4      | Noticed Gingerlord's ghost (amateur SpEn)
  2929 | D:4      | Killed Gingerlord's ghost
  2929 | D:4      | Reached XP level 7. HP: 53/62 MP: 6/6
  3103 | D:5      | Entered Level 5 of the Dungeon
  3183 | D:5      | Reached skill level 5 in Armour
  3333 | D:4      | Bought a potion of beneficial mutation for 350 gold pieces
  3333 | D:4      | Gained mutation: You are partially covered in icy blue scales. (AC +2) [potion of beneficial mutation]
  3350 | D:5      | Noticed Blork the orc
  3357 | D:5      | Reached skill level 6 in Fighting
  3362 | D:5      | Killed Blork the orc
  3387 | D:5      | Reached skill level 5 in Dodging
  3473 | D:5      | Noticed Menkaure
  3509 | D:5      | Killed Menkaure
  3728 | D:5      | Noticed Prince Ribbit
  3753 | D:5      | Killed Prince Ribbit
  3753 | D:5      | Reached XP level 8. HP: 39/71 MP: 7/7
  3754 | D:5      | Gained mutation: Your system is resistant to poisons. (rPois) [potion of beneficial mutation]
  3835 | D:5      | Reached skill level 7 in Fighting
  4174 | D:6      | Noticed an angel
  4181 | D:6      | Found Witzid's Hallowed Reliquary.
  4196 | D:6      | Found a glowing silver altar of Zin.
  4204 | D:6      | Reached skill level 5 in Polearms
  4208 | D:6      | Bought a potion of heal wounds for 65 gold pieces
  4211 | D:6      | Gained mutation: Scrolls take you a little longer to read. [mutagenic meat]
  4392 | D:7      | Reached *** piety under Trog
  4520 | D:7      | Reached skill level 8 in Fighting
  4674 | D:7      | Reached XP level 9. HP: 81/81 MP: 8/8
  4999 | D:7      | Noticed Joseph
  5009 | D:7      | Killed Joseph
  5009 | D:7      | Reached skill level 1 in Bows
  5255 | D:8      | Found Kuliryor's Antique Weapon Shoppe.
  6024 | D:9      | Reached skill level 9 in Fighting
  6156 | D:9      | Found a staircase to the Lair.
  6168 | D:9      | Found Lowogh's Distillery.
  6172 | D:9      | Bought a potion of degeneration for 17 gold pieces
  6241 | D:9      | Reached XP level 10. HP: 79/91 MP: 9/9
  6309 | D:9      | Reached **** piety under Trog
  6405 | D:9      | Found a sparkling altar of Nemelex Xobeh.
  6767 | D:9      | Received a gift from Trog
  6767 | D:9      | Reached skill level 5 in Bows
  6810 | D:9      | Found a faded altar of an unknown god.
  6810 | D:9      | Found a faded altar of an unknown god.
  6815 | D:9      | Found a faded altar of an unknown god.
  6817 | D:9      | Found a hide-covered altar of Uskayaw.
  6819 | D:9      | Found a faded altar of an unknown god.
  6962 | D:10     | Entered Level 10 of the Dungeon
  6962 | D:10     | Noticed Erica
  6962 | D:10     | Noticed a hill giant
  6997 | Lair:1   | Entered Level 1 of the Lair of Beasts
  7125 | Lair:1   | Reached skill level 10 in Fighting
  7309 | Lair:1   | Reached XP level 11. HP: 97/100 MP: 10/10
  7314 | Lair:1   | Reached skill level 10 in Armour
  7871 | Lair:2   | Noticed a death yak
  7873 | Lair:2   | Noticed a death yak
  7883 | Lair:2   | Killed a death yak
  7891 | Lair:2   | Killed a death yak
  8034 | Lair:2   | Found a staircase to the Swamp.
  8046 | Lair:2   | Reached skill level 11 in Fighting
  8457 | Lair:3   | Reached skill level 10 in Dodging
  8467 | Lair:3   | Reached ***** piety under Trog
  8467 | Lair:3   | Reached skill level 10 in Polearms
  8574 | Lair:3   | Noticed a death yak
  8575 | Lair:3   | Noticed a death yak
  8577 | Lair:3   | Noticed a death yak
  8577 | Lair:3   | Noticed a death yak
  8606 | Lair:3   | Killed a death yak
  8608 | Lair:3   | Killed a death yak
  8624 | Lair:3   | Killed a death yak
  8624 | Lair:3   | Reached XP level 12. HP: 37/110 MP: 11/11
  8968 | Lair:2   | Received a gift from Trog
  9090 | Lair:3   | Killed a death yak
  9690 | Lair:4   | Noticed Snorg
  9758 | Lair:5   | Noticed a death yak
  9771 | Lair:5   | Killed a death yak
  9771 | Lair:5   | Reached skill level 12 in Fighting
  9883 | Lair:5   | Found a staircase to the Slime Pits.
  9944 | Lair:5   | Noticed a six-headed hydra
  9969 | Lair:4   | Gained mutation: Your muscles are strong. (Str +2) [potion of mutation]
  9969 | Lair:4   | Gained mutation: Your flesh is cold resistant. (rC+) [potion of mutation]
 10097 | Lair:4   | Received a gift from Trog
 10214 | Lair:4   | Found a hole to the Spider Nest.
 10345 | Lair:4   | Killed Snorg
 10794 | Lair:5   | Noticed Urug
 10807 | Lair:5   | Killed Urug
 10807 | Lair:5   | Reached XP level 13. HP: 94/119 MP: 12/12
 11331 | Lair:6   | Entered Level 6 of the Lair of Beasts
 11548 | D:10     | Received a gift from Trog
 11584 | D:10     | Received a gift from Trog
 11699 | Lair:2   | Reached skill level 13 in Fighting
 11699 | Lair:2   | Reached skill level 10 in Bows
 11699 | Lair:2   | Reached XP level 14. HP: 129/129 MP: 13/13
 11850 | D:10     | Killed Erica
 11850 | D:10     | Reached skill level 1 in Axes
 12141 | D:10     | Cast into level 2 of the Abyss (a distortion unwield)
 12163 | Abyss:2  | Identified 3 scrolls of acquirement
 12194 | Abyss:2  | Noticed a lich
 12201 | Abyss:2  | Killed a lich
 12303 | Abyss:2  | Noticed a green draconian shifter
 12314 | D:10     | Escaped the Abyss
 12639 | D:11     | Noticed Sonja
 12657 | D:11     | Killed Sonja
 12739 | D:11     | Found a sparkling altar of Nemelex Xobeh.
 13385 | D:12     | Received a gift from Trog
 13482 | D:12     | Got a distressingly furry ring mail
 13517 | D:12     | Found a staircase to the Orcish Mines.
 13746 | D:12     | Identified the +5 ring mail of Ryddo {+Blink MR+} (You found it on level 12 of the Dungeon)
 13810 | Orc:1    | Entered Level 1 of the Orcish Mines
 13868 | Orc:2    | Entered Level 2 of the Orcish Mines
 13868 | Orc:2    | Found Annes's Magic Scroll Boutique.
 13979 | Orc:2    | Found a roughly hewn altar of Beogh.
 14070 | Orc:2    | Noticed an orc warlord
 14122 | Orc:2    | Killed an orc warlord
 14150 | Orc:2    | Reached skill level 14 in Fighting
 14238 | Orc:2    | Noticed an orc warlord
 14279 | Orc:2    | Killed an orc warlord
 14291 | Orc:2    | Reached ****** piety under Trog
 14301 | Orc:2    | Received a gift from Trog
 14392 | Orc:2    | Found Boboesatza's Antique Armour Emporium.
 14393 | Orc:2    | Found a roughly hewn altar of Beogh.
 14394 | Orc:2    | Found Zekoza Gyng's Antique Weapon Shoppe.
 14635 | Orc:2    | Found a roughly hewn altar of Beogh.
 14645 | Orc:2    | Reached XP level 15. HP: 138/138 MP: 14/14
 14667 | Orc:2    | Found Domaczen's Antique Weapon Emporium.
 14783 | Orc:2    | Found a staircase to the Elven Halls.
 14863 | Orc:2    | Found a roughly hewn altar of Beogh.
 14864 | Orc:2    | Found Xapaerie's Assorted Antiques.
 15030 | Orc:2    | Found a roughly hewn altar of Beogh.
 15036 | Orc:2    | Received a gift from Trog
 15314 | Orc:1    | Noticed Harold
 15371 | Orc:1    | Killed Harold
 15530 | Orc:1    | Found a roughly hewn altar of Beogh.
 16091 | D:8      | Bought a glowing eveningstar for 651 gold pieces
 16292 | Orc:2    | Bought a bloodstained chain mail for 190 gold pieces
 16292 | Orc:2    | Bought a pitted ring mail for 180 gold pieces
 16302 | Orc:2    | Identified the +8 chain mail of Pandemonium {+Inv rF- MR++ SInv} (You bought it in a shop on level 2 of the Orcish Mines)
 16312 | Orc:2    | Identified the +2 ring mail "Vyviwys" {*Corrode Dex+4} (You bought it in a shop on level 2 of the Orcish Mines)
 16369 | Orc:2    | Bought a blackened chain mail for 228 gold pieces
 16379 | Orc:2    | Identified the cursed +1 chain mail "Targhigokh" {+Inv rN+ MR+} (You bought it in a shop on level 2 of the Orcish Mines)
 16599 | Swamp:1  | Entered Level 1 of the Swamp
 16640 | Swamp:1  | Found a frozen archway.
 16675 | IceCv    | Entered an ice cave
 16973 | Swamp:1  | Received a gift from Trog
 16985 | Swamp:1  | Got a clouded copper amulet
 16987 | Swamp:1  | Identified the amulet "Xad Vuoc" {Gourm rF+ rN+ Dex+3} (You acquired it on level 1 of the Swamp)
 17648 | Swamp:2  | Got a warped war axe
 17656 | Swamp:2  | Identified the +1 war axe of the Harvest {holy, MR+} (You found it on level 2 of the Swamp)
 18202 | Swamp:3  | Reached skill level 15 in Fighting
 18467 | Swamp:3  | Received a gift from Trog
 19194 | Swamp:3  | Noticed a thorn hunter
 19206 | Swamp:3  | Killed a thorn hunter
 19228 | Swamp:4  | Entered Level 4 of the Swamp
 19260 | Swamp:4  | Received a gift from Trog
 19373 | Swamp:4  | Noticed a thorn hunter
 19389 | Swamp:4  | Killed a thorn hunter
 19410 | Swamp:4  | Received a gift from Trog
 19473 | Swamp:4  | HP: 3/141 [five-headed hydra (8)]
 19473 | Swamp:4  | Slain by a five-headed hydra

Skill      XL: |  1  2  3  4  5  6  7  8  9 10 11 12 13 14 15 |
---------------+----------------------------------------------+-----
Fighting       | 4 5 6 8 9 10 11 12 13 14 15 | 15.3
Maces & Flails | 4 5 8 |  8.5
Armour         | 3 4 6 7 8 9 11 12 13 14 | 14.9
Dodging        | 3 4 5 6 7 9 10 11 12 13 14 | 14.0
Polearms       | 1 2 4 5 7 9 10 11 12 | 12.2
Bows           | 3 5 7 9 10 11 12 | 12.8
Shields        | 3 |  3.0
Axes           | 4 |  4.4

Action                   |  1- 3 |  4- 6 |  7- 9 | 10-12 | 13-15 || total
-------------------------+-------+-------+-------+-------+-------++-------
Melee: Mace              |     5 |       |       |       |       ||     5
       Flail             |    45 |    94 |       |       |       ||   139
       Headbutt          |     5 |     9 |    40 |   164 |   361 ||   579
       Trident           |       |    49 |   253 |   645 |   227 ||  1174
       Halberd           |       |       |       |       |   262 ||   262
       Hand axe          |       |       |       |       |    90 ||    90
       Dire flail        |       |       |       |       |   736 ||   736
       Whip              |       |       |       |       |    25 ||    25
 Fire: Shortbow          |       |       |     5 |     3 |       ||     8
       Longbow           |       |       |       |       |    35 ||    35
Throw: Tomahawk          |       |       |     3 |       |       ||     3
Invok: Berserk           |     1 |     1 |     2 |     4 |     5 ||    13
       Brothers in Arms  |       |       |       |       |     1 ||     1
  Use: Scroll            |       |    10 |     2 |     6 |    13 ||    31
       Potion            |       |     3 |     2 |     3 |     8 ||    16
  Eat: Chunk             |       |     7 |    10 |    14 |    38 ||    69
       Bread ration      |       |       |     1 |     1 |     1 ||     3
       Fruit             |       |       |     1 |       |       ||     1
Armor: Animal skin       |    14 |    22 |       |       |       ||    36
       Plate armour      |       |    27 |   115 |   284 |   189 ||   615
       Ring mail         |       |     1 |       |       |   121 ||   122
       Chain mail        |       |       |       |       |   459 ||   459
Dodge: Dodged            |    30 |    64 |   100 |   361 |  1364 ||  1919
